 Dungeon Sprint DCSS version 0.26-a0-651-gb41185065b (webtiles) character file.

Game seed: 9757234498905989564

675 sahdkjhfkaj the Destroyer (level 7, -2/41 HPs)
             Began as an Octopode Conjurer on Sept 28, 2020.
             Was an Initiate of Gozag.
             Slain by a snapping turtle (23 damage)
             ... in the Dungeon (Sprint VII: "The Pits").
             The game lasted 00:05:09 (2365 turns).

sahdkjhfkaj the Destroyer (Octopode Conjurer)       Turns: 2365, Time: 00:05:09

Health: -2/41      AC:  1    Str:  6    XL:     7   Next: 59%
Magic:  17/17      EV: 13    Int: 23    God:    Gozag
Gold:   1179       SH:  0    Dex: 10    Spells: 6/20 levels left

rFire    . . .     SeeInvis .   l - +2 dagger
rCold    . . .     Faith    .   (no shield)
rNeg     . . .     Spirit   .   (helmet restricted)
rPois    .         Reflect  .   (no amulet)
rElec    .         Harm     .   (no ring)
rCorr    .         Rampage  .   (no ring)
MR       .....     NoTele   +   (no ring)
Stlth    +++.......             (no ring)
HPRegen  0.13/turn              (no ring)
MPRegen  0.15/turn              (no ring)
                                (no ring)
                                (no ring)

@: no status effects
A: almost no armour, stealthy swim, amphibious, 8 rings, constrict 8, camouflage
1, gelatinous body 1
a: Potion Petition, Call Merchant, Bribe Branch, Renounce Religion


You were in the Dungeon.
You worshipped Gozag.
Gozag was most pleased with you.
You visited 1 branch You collected 1179 gold pieces.

Inventory:

Hand Weapons
 l - a +2 dagger (weapon)
Scrolls
 g - a scroll of blinking
 h - 3 scrolls of remove curse
 i - 5 scrolls of amnesia
 j - a scroll of summoning
 k - 2 scrolls of vulnerability
Potions
 a - 2 potions of invisibility
 b - 6 potions of curing
 c - 6 potions of heal wounds
 d - a potion of haste
 e - 4 potions of magic
 f - 3 potions of berserk rage


   Skills:
 - Level 2.0 Dodging
 - Level 2.6 Stealth
 + Level 7.2 Spellcasting
 * Level 11.3 Conjurations
 * Level 7.5 Hexes
 * Level 5.1 Translocations


You had 6 spell levels left.
You knew the following spells:

 Your Spells              Type           Power        Failure   Level
a - Magic Dart            Conj           ####         1%          1
b - Searing Ray           Conj           ######       1%          2
c - Dazzling Flash        Conj/Hex       ######       1%          3
d - Fulminant Prism       Conj/Hex       ######....   1%          4
e - Iskenderun's Mystic   Conj/Tloc      #####...     2%          4

Your spell library contained the following spells:

 Spells                   Type           Power        Failure   Level


Dungeon Overview and Level Annotations

Branches:
Dungeon (1/1)

Altars:
Ashenzari
Cheibriados
Dithmenos
Elyvilon
Fedhas
Gozag
Hepliaklqana
Kikubaaqudgha
Makhleb
Nemelex Xobeh
Okawaru
Qazlal
Ru
Sif Muna
Trog
Uskayaw
Vehumet
Wu Jian
Xom
Yredelemnul
Zin
The Shining One
Beogh
Jiyva
Lugonu


Innate Abilities, Weirdness & Mutations

You cannot wear most types of armour.
You are very stealthy in the water. (Stealth+)
You are amphibious.
You can wear up to eight rings at the same time.
You can use your tentacles to constrict eight enemies at once.
Your skin changes colour to match your surroundings (Stealth+).
Your rubbery body absorbs attacks. (AC +1, EV +1)


Message History

Unknown command.
Unknown command.
Unknown command.
Unknown command.
Unknown command.
There is an open door, spattered with blood here.
Things that are here:
a +0 short sword; a +0 halberd; a +0 spear As you close the door, it creaks loudly!
You start resting.
Magic restored.
You open the door.
There is an open door, spattered with blood here.
The snapping turtle hisses angrily.
The snapping turtle bites you from afar!!
Ouch! That really hurt!
The snapping turtle bites you from afar!!
Ouch! That really hurt!
You die...
Your body crumbles into a pile of gold.

#.#.....#))##......
#.#.....#..##......
#)####'##'###...<..
#.#........##......
#)#........##......
#'###########......
#..#.#.## #######
#.......# ##@#.#.##
#.......#+#
##.#t#.##.+
#.......#'#
##.#.#..'.#
##########


You could see a snapping turtle.

Vanquished Creatures
  Sigmund (D)
  A floating eye (D)
  Duvessa (D)
  A necrophage (D)
  A big kobold (D)
  A gnoll sergeant (D)
  Dowan (D)
  3 gnolls (D)
  An ooze (D)
  2 leopard geckos (D)
  An orc (D)
  A bat (D)
  5 jackals (D)
  A quokka (D)
  A frilled lizard (D)
  7 fulminant prisms (D)
29 creatures vanquished.

Vanquished Creatures (others)
  16 fulminant prisms (D)
16 creatures vanquished.

Grand Total: 45 creatures vanquished

Notes
Turn   | Place    | Note
-------+----------+-------------------------------------------
     0 | D        | sahdkjhfkaj the Octopode Conjurer began the quest for the
                  | Orb.
     0 | D        | Reached XP level 1. HP: 11/11 MP: 3/3
    41 | D        | Found a bloodstained altar of Trog.
    41 | D        | Found a shimmering blue altar of Sif Muna.
    41 | D        | Found a viscous altar of Jiyva.
    41 | D        | Found a hazy altar of Hepliaklqana.
    41 | D        | Found an opulent altar of Gozag.
    42 | D        | Found a glowing golden altar of the Shining One.
    42 | D        | Found a glowing silver altar of Zin.
    42 | D        | Found a basalt altar of Yredelemnul.
    42 | D        | Found a shimmering altar of Xom.
    42 | D        | Found an ornate altar of the Wu Jian Council.
    42 | D        | Found a sacrificial altar of Ru.
    42 | D        | Found a stormy altar of Qazlal.
    42 | D        | Found an iron altar of Okawaru.
    42 | D        | Found a sparkling altar of Nemelex Xobeh.
    42 | D        | Found a burning altar of Makhleb.
    42 | D        | Found a blossoming altar of Fedhas.
    42 | D        | Found a white marble altar of Elyvilon.
    42 | D        | Found a shadowy altar of Dithmenos.
    42 | D        | Found a snail-covered altar of Cheibriados.
    43 | D        | Found a radiant altar of Vehumet.
    43 | D        | Found a corrupted altar of Lugonu.
    43 | D        | Found a roughly hewn altar of Beogh.
    44 | D        | Found an ancient bone altar of Kikubaaqudgha.
    44 | D        | Found a hide-covered altar of Uskayaw.
    44 | D        | Found a broken altar of Ashenzari.
    49 | D        | Became a worshipper of Gozag Ym Sagoz the Greedy
    82 | D        | Noticed a floating eye
    86 | D        | Killed a floating eye
    86 | D        | Reached skill level 5 in Spellcasting
    86 | D        | Reached skill level 8 in Conjurations
    86 | D        | Reached XP level 2. HP: 17/17 MP: 1/8
    86 | D        | Reached XP level 3. HP: 21/21 MP: 1/9
    86 | D        | Reached XP level 4. HP: 27/27 MP: 1/11
    99 | D        | Learned a level 2 spell: Searing Ray
   103 | D        | Learned a level 3 spell: Dazzling Flash
   108 | D        | Learned a level 4 spell: Fulminant Prism
   262 | D        | Noticed Dowan
   263 | D        | Noticed Duvessa
   271 | D        | Reached skill level 1 in Hexes
   271 | D        | Reached XP level 5. HP: 27/31 MP: 9/12
   313 | D        | Killed Duvessa
   313 | D        | Reached skill level 9 in Conjurations
   317 | D        | Reached XP level 6. HP: 21/36 MP: 5/15
   383 | D        | Killed Dowan
   383 | D        | Reached skill level 10 in Conjurations
   383 | D        | Reached skill level 5 in Hexes
   452 | D        | Learned a level 4 spell: Iskenderun's Mystic Blast
   509 | D        | Noticed Sigmund
   521 | D        | Killed Sigmund
   521 | D        | Reached XP level 7. HP: 39/41 MP: 10/17
   553 | D        | Reached skill level 11 in Conjurations
   777 | D        | Reached skill level 5 in Translocations
   848 | D        | Noticed a snapping turtle
  2365 | D        | Slain by a snapping turtle

Illustrated notes

Levels and vault maps discovered:
D:        pitsprint [storerooms_1, entrance_room_1, metal_vault_5, armoury_2,
          mini_pit_1, grid_room_1, main_hall_1, silver_pit, the_coven_3,
          the_vestibule_1, steel_vault_1, golden_pit, hallway_of_sentries,
          crystal_vault_1, iron_vault_1, final_vault]

Skill      XL: |  1  2  3  4  5  6  7 |
---------------+----------------------+-----
Spellcasting   | 5 6 7 |  7.2
Conjurations   | 8 9 10 11 | 11.3
Hexes          | 1 4 6 7 |  7.5
Translocations | 3 5 |  5.1
Dodging        | |  2.0
Stealth        | |  2.6

Action                   |  1- 3 |  4- 6 |  7- 9 || total
-------------------------+-------+-------+-------++-------
Melee: Dagger            |     2 |     8 |    11 ||    21
       Constrict         |     1 |     2 |     2 ||     5
       Tentacles         |       |       |     1 ||     1
 Cast: Magic Dart        |     4 |     1 |       ||     5
       Searing Ray       |       |     8 |     3 ||    11
       Fulminant Prism   |       |     2 |    21 ||    23
       Dazzling Flash    |       |       |     2 ||     2
 Stab: Invisible         |       |       |     1 ||     1
Armor: Skin              |       |     4 |       ||     4
Dodge: Dodged            |       |    19 |     9 ||    28

Table legend: (Time is in decaauts)
 A = Elapsed time spent in this place.
 B = Non-inter-level travel time spent in this place.
 C = Inter-level travel time spent in this place.
 D = Time resting spent in this place.
 E = Time spent auto-exploring this place.
 F = Levels seen in this place.
 G = Mean time per level.
                   A        B        C        D        E       F      G
               +--------+--------+--------+--------+--------+-----+--------+
         Total |   2364 |   2343 |     21 |   1929 |      0 |   1 | 2364.0 |
       Dungeon |   2364 |   2343 |     21 |   1929 |      0 |   1 | 2364.0 |
               +--------+--------+--------+--------+--------+-----+--------+

Top non-repeatable levels by time:
       D: 2364 daAuts
